 Dungeon Crawl Stone Soup version 0.29.1-1-gd02db6906a (webtiles) character file.

Game seed: 4753887846817965559

2694 MisterFreud the Cruncher (level 9, -3/69 HPs)
             Began as a Formicid Gladiator on Oct 5, 2022.
             Slain by an orc knight
             ... wielding a +0 war axe
              (31 damage)
             ... in a bailey.
             The game lasted 00:09:58 (7383 turns).

MisterFreud the Cruncher (Formicid Gladiator)       Turns: 7383, Time: 00:09:59

Health: -3/69      AC:  5    Str: 30    XL:     9   Next: 96%
Magic:  18/18      EV: 13    Int:  8    God:
Gold:   194        SH:  0    Dex: 17    Spells: 8/8 levels left

rFire   . . .      SeeInvis +   a - +2 quarterstaff (vamp)
rCold   . . .      Faith    +   (no shield)
rNeg    . . .      Spirit   .   h - +0 leather armour "Doust" {rCorr Str+3}
rPois   .          Reflect  .   (helmet unavailable)
rElec   .          Harm     .   z - scarf {+Inv}
rCorr   +          Rampage  .   (no gloves)
Will    .....                   C - +0 pair of boots
Stlth   +.........              q - amulet of faith
HPRegen 0.21/turn               u - ring of magical power
MPRegen 0.16/turn               w - +6 ring of strength

@: mighty, attractive
A: permanent stasis, dig shafts and tunnels, antennae 3, four strong arms
a: Dig, Evoke Invisibility


You were in a bailey.
You visited 2 branches of the dungeon, and saw 8 of its levels.
You also visited: Sewer and Bailey.

You collected 418 gold pieces.
You spent 224 gold pieces at shops.

Inventory:

Hand Weapons
 a - a +2 vampiric quarterstaff (weapon)
 v - a +0 quarterstaff of speed
Missiles
 c - 3 throwing nets
 d - 3 javelins
 l - 4 poisoned darts
 y - 21 boomerangs (quivered)
Armour
 h - the +0 leather armour "Doust" (worn) {rCorr Str+3}
   (You found it on level 2 of the Dungeon)

   Str:       It affects your strength (+3).
   rCorr:     It protects you from acid and corrosion.
 k - a +0 chain mail of fire resistance
 z - a scarf of invisibility (worn)
 C - a +0 pair of boots (worn)
Jewellery
 b - a ring of fire
 q - an amulet of faith (around neck)
 u - a ring of magical power (left hand)
 w - a +6 ring of strength (right hand)
 x - a ring of protection from cold
Wands
 D - a wand of iceblast (6)
Scrolls
 i - 3 scrolls of summoning
 j - 2 scrolls of amnesia
Potions
 e - a potion of curing {unknown}
 f - 2 potions of invisibility {unknown}
 g - a potion of might
 m - a potion of berserk rage {unknown}
 n - a potion of resistance {unknown}
 o - a potion of heal wounds
 p - 2 potions of mutation {unknown}
 r - 2 potions of attraction
 t - 4 potions of flight
 A - a potion of magic {unknown}
 B - a potion of haste {unknown}


   Skills:
 - Level 6.0 Fighting
 + Level 9.3 Staves
 - Level 2.0 Throwing
 - Level 6.0 Armour
 - Level 2.7 Dodging
 + Level 5.9 Evocations


You had 8 spell levels left.
You didn't know any spells.
Your spell library contained the following spells:

 Spells                   Type           Power      Damage    Failure   Level
 Magic Dart               Conj           0%         1d3       43%         1
 Searing Ray              Conj           0%         2d4       58%         2
 Fulminant Prism          Conj/Hex       0%         3d6       99%         4
 Blade Hands              Tmut           0%         N/A       100%        5
 Irradiate                Conj/Tmut      0%         3d11      100%        5
 Dragon Form              Tmut           0%         N/A       100%        7


Dungeon Overview and Level Annotations

Branches:
Dungeon (7/15)             Temple (1/1) D:5           Sewer (visited)
 Bailey (1/1)

Altars:
Ashenzari
Dithmenos
Gozag
Hepliaklqana
Kikubaaqudgha
Nemelex Xobeh
Okawaru
Qazlal
Ru
Sif Muna
Wu Jian
Xom
Zin

Shops:
D:5 (

Annotations:
D:6 2 runed translucent doors


Innate Abilities, Weirdness & Mutations

You cannot be hasted, slowed, berserked, paralysed or teleported.
You can dig through walls and to a lower floor.
You have a pair of large antennae on your head. (SInv)
Your four strong arms can wield two-handed weapons with a shield.


Message History

You kill the goblin!
No target in view!
You sense a monster nearby.
There is an open door here.
y - 21 boomerangs (gained 1)
There is an open door here.
You pick up a book of Transfigurations and begin reading...
You add the spells Irradiate, Blade Hands and Dragon Form to your library.
A kobold comes into view.
There is an open door here.
The orc knight shouts! x2; The kobold shouts!
You hear a shout! x3
You hear a shout!
The orc knight roars a battlecry!
The orc knight goes into a battle-frenzy!
The orc knight attacks as you move away!
The orc knight barely misses you.
There is an open door here.
Things that are here:
a +0 war axe; a +0 plate armour The orc knight attacks as you move away!
The orc knight hits you with a +0 war axe!!
You feel very mighty all of a sudden.
The orc knight roars a battlecry!
The orc knight goes into a battle-frenzy!
Okay, then.
Unknown command.
It was a potion of attraction.
You feel attractive to monsters. The orc knight completely misses you.
It was a potion of heal wounds.
You feel much better.
The orc knight hits you with a +0 war axe!
You barely miss the orc knight.
The orc knight hits you with a +0 war axe!!
You hit the orc knight.
The orc knight is lightly wounded.
The orc knight closely misses you.
You completely miss the orc knight.
The orc knight is lightly wounded.
The orc knight hits you with a +0 war axe!!
You die...

≈≈##
#..g....####)≈≈~≈≈≈≈≈≈≈#
~.#.
####'####..#.....≈≈≈≈≈≈≈
..{..{...###......####
##{ ###..'.#.....###
#..###.......#
#..#.)..⌠.....
##'#)........##
...#########K..........##
..........@oog......####
###########.#############
##...###...#.#
#∩.#...)##..##
#############


You could see 2 orc knights, a gnoll and a kobold.

Vanquished Creatures
  Grinder (D:6)
  Sigmund (D:3)
  Eustachio (D:5)
  An acid dragon (D:6)
  Edmund (D:6)
  2 black bears (D:6)
  Pargi (Sewer)
  4 orc warriors (Bailey)
  An ice beast (D:5)
  A centaur (D:6)
  Blork the orc (D:5)
  A bullfrog (D:6)
  2 scorpions
  2 howler monkeys
  An orc priest (D:6)
  6 hounds
  6 jellies
  5 iguanas
  Robin (D:2)
  7 adders
  4 gnolls (D:4)
  3 shadow imps
  2 white imps (D:7)
  2 ufetubi
  4 worms
  24 orcs
  7 ball pythons
  5 bats
  6 endoplasms
  5 giant cockroaches
  20 goblins
  14 hobgoblins
  8 jackals
  19 kobolds
  5 quokkas
  4 frilled lizards
  6 rats
184 creatures vanquished.

Vanquished Creatures (others)
  3 demonic plants (D:7)
3 creatures vanquished.

Grand Total: 187 creatures vanquished

Notes
Turn   | Place    | Note
-------+----------+-------------------------------------------
     0 | D:1      | MisterFreud the Formicid Gladiator began the quest for the
                  | Orb.
     0 | D:1      | Reached XP level 1. HP: 16/16 MP: 1/1
   141 | D:1      | Reached XP level 2. HP: 14/22 MP: 2/2
   464 | D:1      | Found a faded altar of an unknown god.
   767 | D:2      | Reached skill level 4 in Staves
   767 | D:2      | Reached XP level 3. HP: 27/27 MP: 3/3
  1030 | D:2      | Noticed Robin
  1054 | D:2      | Killed Robin
  1055 | D:2      | Reached XP level 4. HP: 9/33 MP: 4/4
  1598 | D:2      | Identified the +0 leather armour "Doust" {rCorr Str+3}
  1938 | D:3      | Reached skill level 5 in Staves
  2096 | D:3      | Noticed Sigmund
  2106 | D:3      | Killed Sigmund
  2107 | D:3      | Reached skill level 6 in Staves
  2107 | D:3      | Reached XP level 5. HP: 21/42 MP: 5/5
  2107 | D:3      | Reached XP level 6. HP: 24/48 MP: 6/6
  2306 | D:3      | Found a glowing drain.
  2335 | Sewer    | Entered a sewer
  2478 | Sewer    | Noticed Pargi
  2490 | Sewer    | Killed Pargi
  2491 | Sewer    | Reached XP level 7. HP: 33/55 MP: 7/7
  2692 | D:3      | Reached skill level 5 in Fighting
  3892 | D:4      | Reached skill level 1 in Armour
  4104 | D:4      | Found a shimmering altar of Xom.
  4140 | D:5      | Entered Level 5 of the Dungeon
  4316 | D:5      | Noticed Eustachio
  4345 | D:5      | Killed Eustachio
  4346 | D:5      | Reached XP level 8. HP: 39/64 MP: 8/8
  4658 | D:5      | Found Dyme's Antique Weapon Shop.
  4696 | D:5      | Bought a glowing quarterstaff for 224 gold pieces
  4784 | D:5      | Reached skill level 7 in Staves
  4871 | D:5      | Identified the +8 mace of Absolution {vorpal, Will+ Dex+3}
  5136 | D:5      | Noticed Blork the orc
  5152 | D:5      | Killed Blork the orc
  5215 | D:5      | Found Ileokin's Antique Weapon Shoppe.
  5464 | D:5      | Found a staircase to the Ecumenical Temple.
  5494 | D:5      | Reached skill level 1 in Evocations
  5519 | Temple   | Entered the Ecumenical Temple
  5792 | D:6      | Reached skill level 5 in Armour
  5808 | D:6      | Found a runed translucent door.
  5810 | D:6      | Found a runed translucent door.
  5817 | D:6      | Noticed Grinder
  5843 | D:6      | Killed Grinder
  5844 | D:6      | Reached skill level 8 in Staves
  5844 | D:6      | Reached XP level 9. HP: 46/69 MP: 9/9
  6029 | D:6      | Noticed Edmund
  6042 | D:6      | Killed Edmund
  6795 | D:7      | Reached skill level 5 in Evocations
  6815 | D:7      | Found a flagged portal.
  6845 | Bailey   | Entered a bailey
  6906 | Bailey   | Reached skill level 9 in Staves
  6988 | Bailey   | Noticed an orc knight
  6997 | Bailey   | Noticed an orc knight
  7383 | Bailey   | Slain by an orc knight

Illustrated notes

Levels and vault maps discovered:
D:1:      lightli_arrival_boilingwater, layout_rooms,
          ebering_ecumenical_altar_sacrificial, minmay_misc_feat_room,
          serial_park_tiny_1
D:2:      layout_basic, uniq_robin
D:3:      layout_basic, portal_sewer_entry_f, serial_curves, eino_curves_02,
          eino_curves_03, st_stairs_9, uniq_sigmund
D:4:      layout_basic, lemuel_round_altar
D:5:      layout_loops_corners, temple_hall, serial_shops, nicolae_diamond_shop,
          nicolae_shop_window_shopping, chequers_serial_rivers_room_b,
          uniq_eustachio, uniq_blork_the_orc
D:6:      lemuel_insect_pit, layout_cave_pools, minmay_misc_feat_tiny,
          uniq_edmund, uniq_grinder
D:7:      layout_basic, biasface_ghost_orc_armoury, enter_bailey_4,
          serial_demonic, serial_demonic_f, serial_demonic_b, serial_demonic_b,
          serial_demonic_c, serial_demonic_d, small_statue_alley_b, st_stairs_2
Temple:   nicolae_temple_x_marks_the_god
Bailey:   bailey_axe_4, bailey

Skill      XL: |  1  2  3  4  5  6  7  8  9 |
---------------+----------------------------+-----
Staves         | 4 6 8 9 |  9.3
Fighting       | 3 4 6 |  6.0
Armour         | 2 5 6 |  6.0
Evocations     | 2 5 |  5.9
Throwing       | |  2.0
Dodging        | |  2.7

Action                   |  1- 3 |  4- 6 |  7- 9 || total
-------------------------+-------+-------+-------++-------
Melee: Quarterstaff      |    82 |   113 |   352 ||   547
       Punch             |     1 |       |     6 ||     7
Throw: Boomerang         |       |       |    18 ||    18
 Abil: Dig               |       |     1 |       ||     1
  Use: Scroll            |     4 |       |     8 ||    12
       Potion            |       |       |     3 ||     3
 Stab: Sleeping          |       |       |     2 ||     2
Armor: Leather armour    |    23 |    23 |    63 ||   109
Dodge: Dodged            |    51 |    86 |   257 ||   394
